 Dungeon Crawl Stone Soup version 0.20-a0-738-gb057e68 (webtiles) character file.

9583 nono the Covert (level 11, -11/57 HPs)
             Began as a Vine Stalker Arcane Marksman on Feb 23, 2017.
             Was a Follower of Uskayaw.
             Mangled by a spiny frog (13 damage)
             ... on level 1 of the Lair of Beasts.
             The game lasted 00:44:05 (8233 turns).

nono the Covert (Vine Stalker Arcane Marksman)      Turns: 8233, Time: 00:44:06

Health: -11/57     AC: 17    Str: 15    XL:     11   Next: 48%
Magic:  0/26       EV:  3    Int: 13    God:    Uskayaw [*.....]
Gold:   439        SH:  9    Dex: 16    Spells: 11/12 levels left

rFire    . . .     SeeInvis .   v - +2 hand axe (elec)
rCold    . . .     Gourm    .   X - +0 plate armour
rNeg     . . .     Faith    .   s - +0 shield
rPois    .         Spirit   +   B - +2 hat
rElec    .         Reflect  .   (no cloak)
rCorr    .         Harm     .   u - +0 pair of gloves
MR       ++...                  n - +0 pair of boots
Stlth    ..........             (no amulet)
Regen    0.6/turn               h - ring of magical power
MPRegen  0.2/turn               w - ring of protection from magic

@: no status effects
A: fangs 3, mutation resistance 1, regeneration 1, magic shield, antimagic bite,
no potion heal 3, rot immunity
a: Stomp, Renounce Religion


You were on level 1 of the Lair of Beasts.
You worshipped Uskayaw.
Uskayaw was noncommittal.
You were not hungry.

You visited 3 branches of the dungeon, and saw 12 of its levels.
You visited the Abyss 1 time.
You also visited: Sewer.

You collected 439 gold pieces.

Inventory:

Hand Weapons
 p - a +0 dagger
 v - a +2 hand axe of electrocution (weapon)
 J - a +2 whip of electrocution
 L - a +2 vampiric dagger
 M - a +0 dagger of venom
 R - the +7 quarterstaff "Myhicamn" {crush, *Rage *Slow rPois rF+++, unknown}
   (You found it on level 8 of the Dungeon)

   It inflicts extra damage upon your enemies.
   It renders you almost immune to fire.
   It protects you from poison.
   It may make you go berserk in combat.
   It may slow you when you take damage.
Missiles
 c - 5 javelins
 j - 3 steel javelins (quivered)
Armour
 n - a +0 pair of boots (worn)
 q - a +0 ring mail of cold resistance
 s - a +0 shield (worn)
 u - a +0 pair of gloves (worn)
 B - a +2 hat (worn)
 X - a +0 plate armour (worn)
Jewellery
 a - an uncursed amulet of the gourmand {unknown}
 h - a ring of magical power (right hand)
 w - a ring of protection from magic (left hand)
 x - an uncursed ring of resist corrosion
 z - an uncursed amulet of regeneration {unknown}
 G - an uncursed ring of ice
Wands
 y - a wand of random effects (24/48)
 H - a wand of lightning (0/15)
 K - a wand of enslavement (0/24)
 P - a wand of flame (32/48)
 V - a wand of acid (11/15)
 Z - a wand of flame (11/48)
Scrolls
 d - 3 scrolls of remove curse
 e - 3 scrolls of magic mapping
 k - a scroll of torment
 m - a scroll of random uselessness
 o - a scroll of blinking
 t - 2 scrolls of recharging
 A - 2 scrolls of teleportation
 D - 2 scrolls of enchant armour {unknown}
 E - a scroll of brand weapon {unknown}
 N - a scroll of noise
 S - a scroll of immolation {unknown}
 W - a scroll of identify
Potions
 g - 2 potions of heal wounds {unknown}
 i - 2 potions of curing
 r - a potion of ambrosia
 C - 3 potions of mutation
 O - 4 potions of brilliance {unknown}
 Q - a potion of experience {unknown}
 U - a potion of cancellation {unknown}
Books
 b - a book of Debilitation

   Spells                             Type                      Level
   a - Corona                         Hexes                        1
   b - Slow                           Hexes                        2
   c - Inner Flame                    Hexes/Fire                   3
   d - Portal Projectile              Hexes/Translocation          3
   e - Cause Fear                     Hexes                        4
   f - Leda's Liquefaction            Hexes/Earth                  4
 T - a book of Minor Magic

   Spells                             Type                      Level
   a - Magic Dart                     Conjuration                  1
   b - Blink                          Translocation                2
   c - Call Imp                       Summoning                    2
   d - Slow                           Hexes                        2
   e - Conjure Flame                  Conjuration/Fire             3
   f - Mephitic Cloud                 Conjuration/Poison/Air       3
Comestibles
 f - 4 bread rations
 l - 9 fruits
 F - 2 royal jellies
 I - 10 meat rations
 Y - 5 chunks of flesh


   Skills:
 - Level 6.3 Fighting
 + Level 7.6 Short Blades
 - Level 1.7 Throwing
 - Level 6.7 Armour
 - Level 1.5 Dodging
 - Level 9.1 Stealth
 - Level 4.2 Shields
 - Level 2.6 Unarmed Combat
 - Level 1.1 Spellcasting
 - Level 3.0 Hexes
 - Level 6.9 Invocations


You had 11 spell levels left.
You knew the following spells:

 Your Spells              Type           Power        Failure   Level  Hunger
a - Corona                Hex            #......      100%        1    ##.....


Dungeon Overview and Level Annotations

Branches:
Dungeon (10/15)            Temple (1/1) D:4            Lair (1/6) D:9
    Orc (0/2) D:9

Altars:
Ashenzari
Cheibriados
Dithmenos
Elyvilon
Fedhas
Gozag
Hepliaklqana
Kikubaaqudgha
Makhleb
Nemelex Xobeh
Okawaru
Qazlal
Ru
Sif Muna
Trog
Uskayaw
Vehumet
Xom
Yredelemnul
Zin
The Shining One

Shops:
D:7 =   D:8 !


Innate Abilities, Weirdness & Mutations

You have razor-sharp teeth.
Your natural rate of healing is unusually fast.
When hurt, damage is shared between your health and your magic reserves.
Your bite disrupts and absorbs the magic of your enemies.
Potions cannot restore your health.
You are immune to rotting.
You are somewhat resistant to further mutation.


Message History

The spiny frog is heavily wounded.
The spiny frog stings you!
* * * LOW HITPOINT WARNING * * *
The spiny frog stings you.
* * * LOW HITPOINT WARNING * * *
Found an escape hatch in the floor.
Evoke which item? (* to show all) (? for menu, Esc to quit)
Aiming: Enslavement (will waste charges)
Press: ? - help, Shift-Dir - straight line, f/p - spiny frog
Aim: a spiny frog (heavily wounded, chance to defeat MR: 46%)
The spiny frog resists with some effort.
Evoking this partially-identified wand wasted a few charges.
The spiny frog stings you!
* * * LOW HITPOINT WARNING * * *
The spiny frog stings you.
* * * LOW HITPOINT WARNING * * *
You are lethally poisoned!
The spiny frog poisons you!
Your system rejects the healing.
You feel better. The spiny frog stings you!
You die...

...%.... ........ ....
......... ........ ....
......>.. ........ .....
#.......
.............P##....P#
##..##.#.......#....#
##..##.#.......#....###
.......P..............##
...............#@.......
...............#F.......
....##.........#.....###
#...#.##.......#....###
#.......................
#...............≈≈≈≈§...
................≈≈##≈...
................≈## ≈...
................≈≈# ...


You could see a spiny frog.

Vanquished Creatures
  Gastronok (D:8)
  A wretched star (Abyss:1)
  Pikel (D:8)
  Joseph (D:9)
  Psyche (D:8)
  A hornet (D:10)
  Grinder (D:4)
  4 hippogriffs
  Eustachio (D:5)
  10 yaks (Lair:1)
  2 wargs
  Menkaure (D:4)
  Duvessa (D:4)
  A water moccasin (Lair:1)
  2 porcupines (Lair:1)
  5 ice beasts
  2 sky beasts
  2 orc warriors (D:10)
  A slave (D:8)
  A phantom (D:6)
  3 ogres (D:8)
  2 centaurs (D:5)
  A crocodile (Lair:1)
  The ghost of Sapher the Ruffian, an amateur VSTm of Wu Jian (D:8)
  8 bullfrogs
  Dowan (D:4)
  2 scorpions
  3 crimson imps
  A quasit (D:10)
  A centaur zombie (D:9)
  A hound (D:10)
  7 orc priests
  A bullfrog zombie (D:8)
  2 iguanas
  4 orc wizards
  2 worker ants
  2 killer bee zombies
  A hound zombie (D:8)
  A howler monkey zombie (D:10)
  15 adders
  10 oozes (Sewer)
  An adder skeleton (D:4)
  6 worms
  A dart slug (D:5)
  23 leopard geckos
  20 orcs
  14 giant cockroaches
  2 hobgoblins
  3 jackals (D:3)
  3 quokkas
  13 ball pythons
  3 bats
  8 frilled lizards
  6 goblins
  5 kobolds
  8 rats
  A plant (Lair:1)
226 creatures vanquished.

Vanquished Creatures (collateral kills)
  An orc wizard (D:9)
  An orc (D:9)
2 creatures vanquished.

Vanquished Creatures (others)
  A slave (D:8)
  An ogre (D:8)
  2 orc priests
  A howler monkey zombie (D:8)
  2 orcs (D:8)
7 creatures vanquished.

Grand Total: 235 creatures vanquished

Notes
Turn   | Place    | Note
-------+----------+-------------------------------------------
     0 | D:1      | nono the Vine Stalker Arcane Marksman began the quest for the Orb.
     0 | D:1      | Reached XP level 1. HP: 9/9 MP: 3/3
   120 | D:1      | Reached skill level 1 in Unarmed Combat
   275 | D:1      | Reached XP level 2. HP: 14/14 MP: 4/4
   772 | D:2      | Reached XP level 3. HP: 9/17 MP: 5/5
   789 | D:2      | Reached skill level 1 in Shields
   803 | D:2      | Found a basalt altar of Yredelemnul.
  1258 | D:2      | Gained mutation: Your natural rate of healing is unusually fast. [Vine Stalker growth]
  1258 | D:2      | Reached XP level 4. HP: 7/21 MP: 4/6
  1301 | D:2      | Found an iron altar of Okawaru.
  2120 | D:3      | Found a glowing drain.
  2124 | Sewer    | Entered a sewer
  2134 | Sewer    | Reached skill level 1 in Armour
  2178 | Sewer    | Reached XP level 5. HP: 15/25 MP: 4/7
  2403 | Sewer    | Reached XP level 6. HP: 29/29 MP: 8/8
  2913 | D:3      | You fall through a shaft for 3 floors!
  2926 | D:6      | Noticed a phantom
  2929 | D:6      | Killed a phantom
  2929 | D:6      | Reached XP level 7. HP: 32/32 MP: 9/9
  2961 | D:5      | Entered Level 5 of the Dungeon
  2981 | D:5      | Found a sacrificial altar of Ru.
  2984 | D:5      | Found a shimmering altar of Xom.
  2986 | D:5      | Reached skill level 1 in Fighting
  3010 | D:5      | Noticed Eustachio
  3017 | D:5      | Killed Eustachio
  3077 | D:5      | Gained mutation: You have razor-sharp teeth. [Vine Stalker growth]
  3077 | D:5      | Reached XP level 8. HP: 40/40 MP: 10/10
  3092 | D:4      | Noticed Grinder
  3098 | D:4      | Paralysed by Grinder for 2 turns
  3127 | D:5      | Noticed a two-headed ogre
  3442 | D:4      | Found a staircase to the Ecumenical Temple.
  3452 | Temple   | Entered the Ecumenical Temple
  3605 | D:4      | Noticed Menkaure
  3630 | D:4      | Killed Menkaure
  3643 | D:4      | Reached skill level 5 in Armour
  3829 | D:4      | Paralysed by Grinder for 3 turns
  3853 | D:4      | Killed Grinder
  3865 | D:4      | Noticed Duvessa
  3865 | D:4      | Noticed Dowan
  3868 | D:4      | Killed Dowan
  3879 | D:4      | Killed Duvessa
  3879 | D:4      | Reached skill level 5 in Fighting
  4068 | D:4      | Found a snail-covered altar of Cheibriados.
  4068 | D:4      | Found a glowing silver altar of Zin.
  4069 | D:4      | Found an ancient bone altar of Kikubaaqudgha.
  4071 | D:4      | Found a deep blue altar of Sif Muna.
  4245 | D:4      | Found a hide-covered altar of Uskayaw.
  4248 | D:4      | Became a worshipper of Uskayaw the Reveler
  4330 | D:5      | Found an opulent altar of Gozag.
  4484 | D:5      | Found a stormy altar of Qazlal.
  4505 | D:5      | Reached * piety under Uskayaw
  4537 | D:5      | Cast into level 1 of the Abyss (orc priest)
  4567 | Abyss:1  | Noticed a ynoxinul
  4572 | Abyss:1  | Found an opulent altar of Gozag.
  4579 | Abyss:1  | Noticed a ynoxinul
  4605 | Abyss:1  | Noticed a thrashing horror
  4613 | Abyss:1  | Noticed a ynoxinul
  4658 | Abyss:1  | Found a corrupted altar of Lugonu.
  4664 | Abyss:1  | Noticed a starcursed mass
  4666 | Abyss:1  | Noticed a smoke demon
  4682 | Abyss:1  | Noticed a reaper
  4683 | Abyss:1  | Noticed a Hell Sentinel
  4685 | Abyss:1  | Noticed a guardian serpent
  4686 | Abyss:1  | Noticed a salamander
  4687 | Abyss:1  | Noticed a naga mage
  4702 | Abyss:1  | Noticed a ynoxinul
  4710 | Abyss:1  | HP: 2/43 [ynoxinul/iron shot (24)]
  4711 | Abyss:1  | Noticed an apocalypse crab
  4712 | Abyss:1  | Noticed a brown very ugly thing
  4713 | Abyss:1  | Noticed a smoke demon
  4713 | Abyss:1  | a ynoxinul changed into a smoke demon
  4725 | Abyss:1  | Noticed a large abomination
  4749 | Abyss:1  | Gained mutation: Armour fits poorly on your strangely shaped body. [mutagenic glow]
  4755 | Abyss:1  | Noticed a wretched star
  4757 | Abyss:1  | Noticed a large abomination
  4765 | Abyss:1  | Reached ** piety under Uskayaw
  4766 | Abyss:1  | Reached *** piety under Uskayaw
  4769 | Abyss:1  | Killed a wretched star
  4769 | Abyss:1  | Reached XP level 9. HP: 27/33 MP: 9/9
  4769 | Abyss:1  | Reached **** piety under Uskayaw
  4771 | D:5      | Escaped the Abyss
  5041 | D:6      | Reached skill level 1 in Stealth
  5062 | D:6      | Reached skill level 1 in Invocations
  5239 | D:6      | Lost mutation: Armour fits poorly on your strangely shaped body. [potion of mutation]
  5239 | D:6      | Gained mutation: You are somewhat resistant to further mutation. [potion of mutation]
  5260 | D:7      | Found Qilieth's Jewellery Shop.
  5424 | D:7      | Reached skill level 2 in Stealth
  5494 | D:7      | Reached skill level 3 in Stealth
  5507 | D:7      | Found a radiant altar of Vehumet.
  6004 | D:8      | Noticed Gastronok
  6157 | D:9      | Noticed Joseph
  6157 | D:9      | Found a staircase to the Lair.
  6168 | D:9      | Reached skill level 4 in Stealth
  6247 | D:8      | Noticed Pikel
  6255 | D:8      | Killed Pikel
  6255 | D:8      | Reached skill level 5 in Stealth
  6255 | D:8      | Reached XP level 10. HP: 42/53 MP: 13/13
  6278 | D:8      | Noticed Sapher's ghost (amateur VSTm)
  6293 | D:8      | Killed Sapher's ghost
  6323 | D:8      | Reached skill level 6 in Stealth
  6332 | D:8      | Reached skill level 5 in Invocations
  6365 | D:8      | Noticed Psyche
  6393 | D:8      | Killed Psyche
  6393 | D:8      | Reached skill level 7 in Stealth
  6429 | D:8      | Got a pitted quarterstaff
  6728 | D:8      | Killed Gastronok
  6728 | D:8      | Reached skill level 9 in Stealth
  6822 | D:8      | Found Lanta's Distillery.
  6848 | D:8      | Reached skill level 1 in Short Blades
  7173 | D:9      | Found a staircase to the Orcish Mines.
  7190 | D:9      | Killed Joseph
  7307 | D:9      | Reached XP level 11. HP: 57/57 MP: 17/17
  7495 | D:10     | Entered Level 10 of the Dungeon
  7687 | D:10     | Reached skill level 5 in Short Blades
  7821 | D:10     | Found a basalt altar of Yredelemnul.
  7963 | Lair:1   | Entered Level 1 of the Lair of Beasts
  8178 | Lair:1   | Reached ***** piety under Uskayaw
  8232 | Lair:1   | HP: 1/57 [spiny frog (3)]
  8233 | Lair:1   | Mangled by a spiny frog

Vault maps used:
D:1:      mrwooster_arrival_statue_2
D:2:      yredelemnul_altar_generic, okawaru_ov_weapons_minmay
D:3:      gup_sewer_entry_spiral
D:4:      kennysheep_mini, grunt_temple_overflow_open, minmay_temple_entry_grid,
          uniq_menkaure, uniq_grinder, uniq_duvessa
D:5:      kennysheep_little_box, nicolae_overflow_quartered_altars, first_bread,
          uniq_eustachio
D:7:      nicolae_overflow_crystal_walls, serial_shops, shop
D:8:      serial_shops, shop, uniq_gastronok, uniq_pikel, uniq_psyche
D:9:      erik_lair_orcish_takeover, orc_0_dummy, uniq_joseph
D:10:     basic_altar
Temple:   nicolae_temple_figure_zero
Lair:1:   lemuel_fruit_tree, grunt_megastairs_1
Sewer:    sewer_frog_island_02

Skill      XL: |  1  2  3  4  5  6  7  8  9 10 11 |
---------------+----------------------------------+-----
Unarmed Combat | 1 2 |  2.6
Shields        | 1 2 3 4 |  4.2
Armour         | 1 2 3 4 6 |  6.7
Fighting       | 3 6 |  6.3
Stealth        | 5 9 |  9.1
Invocations    | 4 6 |  6.9
Short Blades   | 4 7 |  7.6
Throwing       | |  1.7
Dodging        | |  1.5
Spellcasting   | |  1.1
Hexes          | |  3.0

Action                   |  1- 3 |  4- 6 |  7- 9 | 10-12 || total
-------------------------+-------+-------+-------+-------++-------
Melee: Unarmed           |   109 |     2 |       |       ||   111
       Bite              |    19 |    37 |    57 |    92 ||   205
       Hand axe          |       |   199 |   183 |   196 ||   578
       Dagger            |       |       |    11 |    49 ||    60
Throw: Javelin           |     7 |     1 |     4 |       ||    12
       Throwing net      |     3 |     1 |       |       ||     4
Evoke: Wand              |       |       |     6 |     3 ||     9
  Use: Scroll            |       |     6 |     7 |     1 ||    14
       Potion            |       |     1 |     6 |     2 ||     9
 Stab: Held in net/web   |     2 |       |       |       ||     2
       Paralysed         |       |       |     6 |    18 ||    24
       Sleeping          |       |       |       |     1 ||     1
  Eat: Chunk             |     1 |     1 |     6 |     8 ||    16
       Bread ration      |       |     1 |     1 |       ||     2
Armor: Leather armour    |     9 |       |       |       ||     9
       Ring mail         |    25 |    95 |       |       ||   120
       Chain mail        |       |    11 |   108 |    63 ||   182
       Plate armour      |       |       |       |   100 ||   100
Dodge: Dodged            |    63 |   136 |    68 |    51 ||   318
Block: Buckler           |    14 |    40 |    43 |     7 ||   104
       Shield            |       |       |       |   123 ||   123
